AoeStats
← BYoooo

Arabia

510147944Analyzed
1v1 RM · 3d ago on Sep 29, 2026· 52m 52s· 2 players
Game mode
Random Map
Map size
Tiny (2 player)
Population
200
Speed
Normal
Resources
Standard
Victory
Conquest
Starting age
Dark Age
Ending age
Imperial Age
RankedLock teamsTeams togetherTeam positionsShared explorationLock speedFull tech treeHidden civsTurbo modeCheats
Victory
Defeat
🇩🇪 Franks · Germany
693
+13
🇺🇸 Ethiopians · United States
636
-13
DeathByTaxation
8:57 Loom
12:08 Feudal Age
13:32 Double-Bit Axe
23:19 Castle Age
21:39 Padded Archer Armor
22:03 Fletching
23:50 Crossbowman
24:38 Thumb Ring
24:44 Bodkin Arrow
27:40 Bow Saw
31:31 Squires
31:57 Leather Archer Armor
31:43 Horse Collar
34:11 Scale Mail Armor
41:14 Chain Mail Armor
41:10 Forging
49:35 Imperial Age
48:55 Royal Heirs
50:44 Conscription
51:25 Arbalester
BYoooo
10:36 Feudal Age
10:31 Loom
11:01 Double-Bit Axe
18:44 Castle Age
20:08 Husbandry
20:17 Scale Barding Armor
20:24 Forging
21:14 Wheelbarrow
24:18 Chain Barding Armor
24:34 Iron Casting
25:25 Bow Saw
25:41 Stone Mining
25:41 Gold Mining
38:42 Fletching
38:52 Padded Archer Armor
40:44 Town Watch
41:14 Hand Cart
40:46 Town Watch
43:50 Gold Shaft Mining
43:26 Town Patrol
48:07 Imperial Age
49:38 Conscription
49:21 Chivalry
50:01 Hoardings
49:33 Cavalier
50:16 Treadmill Crane
50:58 Ballistics
Connection lost

Rejoining the realm…

Still unreachable

The connection could not be restored.

Session expired

The server has moved on; the page needs a fresh start.